 Dungeon Crawl Stone Soup version 0.18-a0-1788-g92de1ac (webtiles) character file.

239180 khekkus the Minotaur Blade (level 19, 0/162 HPs)
             Began as a Minotaur Fighter on Apr 15, 2016.
             Was the Champion of Okawaru.
             Engulfed by a frost giant's freezing vapour (5 damage)
             ... on level 4 of the Shoals on Apr 20, 2016.
             The game lasted 03:29:59 (41118 turns).

khekkus the Minotaur Blade (Minotaur Fighter)      Turns: 41118, Time: 03:30:00

Health: 0/162      AC: 34    Str: 30    XL:     19   Next: 1%
Magic:  0/22       EV: 12    Int:  6    God:    Okawaru [******]
Gold:   964        SH:  0    Dex: 18    Spells: 0 memorised, 18 levels left

rFire  . . .     SeeInvis .     T - +14 plutonium sword {*Contam Stlth-}
rCold  . . .     Gourm    .     x - +3 plate armour {MR+}
rNeg   . . .     Faith    .     (shield currently unavailable)
rPois  +         Spirit   +     U - +0 hat of the Duke {+Fly Dex+2}
rElec  .         Dismiss  .     R - +2 cloak {rPois}
rCorr  .         Reflect  .     Q - +2 pair of gloves {Dex+3}
SustAt .         Harm     .     (no boots)
MR     ++...                    S - amulet of guardian spirit
Stlth  ..........               A - +5 ring of strength
                                s - +6 ring of protection

@: very resistant to hostile enchantments, extremely unstealthy
A: retaliatory headbutt, hooves 1, horns 2, blink, blurry vision 1, frail 1, low
mp 1, sense surroundings 2, MP-powered wands
a: Blink, Heroism, Finesse, Renounce Religion, Evoke Flight
}: 1/15 runes: gossamer


You were on level 4 of the Shoals.
You worshipped Okawaru.
Okawaru was exalted by your worship.
You were not hungry.

You visited 6 branches of the dungeon, and saw 34 of its levels.
You also visited: Trove, Ossuary and Ice Cave.

You collected 4299 gold pieces.
You spent 3335 gold pieces at shops.

Inventory:

Hand Weapons
 a - the +8 great sword "Tat Ymont" {flame, rElec MR+}
   (You found it on level 8 of the Lair of Beasts)

   It has been specially enchanted to burn those struck by it, causing extra
   injury to most foes and up to half again as much damage against particularly
   susceptible opponents.
   Big, fiery blades are also staple armaments of hydra-hunters.
   It insulates you from electricity.
   It affects your resistance to hostile enchantments.
 z - a +4 great sword of holy wrath
 E - the +9 long sword of Iniyku {speed, rF+ Str+2 Stlth+}
   (Okawaru gifted it to you on level 13 of the Dungeon)

   Attacks with this weapon are significantly faster.
   It affects your strength (+2).
   It protects you from fire.
   It makes you more stealthy.
 T - the +14 plutonium sword (weapon) {*Contam Stlth-}
   (You found it in a treasure trove)

   It causes magical contamination when unequipped.
   It makes you less stealthy.
Armour
 x - a +3 plate armour of magic resistance (worn)
 G - the +6 shield of the Special Dances {Str+2}
   (Okawaru gifted it to you on level 15 of the Dungeon)

   It affects your strength (+2).
 Q - a +2 pair of gloves of dexterity (worn)
 R - a +2 cloak of poison resistance (worn)
 U - the +0 hat of the Duke (worn) {+Fly Dex+2}
   (Okawaru gifted it to you on level 7 of the Lair of Beasts)

   It affects your dexterity (+2).
   It lets you fly.
Jewellery
 c - a +4 amulet of reflection {unknown}
 e - an uncursed ring of wizardry
 m - an uncursed ring of positive energy
 o - an uncursed ring of sustain attributes
 s - a +6 ring of protection (left hand)
 y - an uncursed ring of poison resistance
 A - a +5 ring of strength (right hand)
 S - an amulet of guardian spirit (around neck)
 X - an uncursed ring of protection from fire
Wands
 n - a wand of polymorph (9/24)
 t - a wand of acid (8/15)
 u - a wand of iceblast (14/15)
 w - a wand of teleportation (4/9)
 V - a wand of disintegration (16/24)
Scrolls
 i - 13 scrolls of teleportation
 j - 20 scrolls of identify
 l - 19 scrolls of remove curse
 p - 6 scrolls of magic mapping
 B - 2 scrolls of fear
 C - 2 scrolls of holy word
 W - 2 scrolls of fog
Potions
 b - a potion of brilliance
 g - 2 potions of cancellation
 h - 4 potions of haste
 H - 2 potions of agility
 K - 3 potions of cure mutation
 L - a potion of invisibility
 M - 2 potions of might
Miscellaneous
 d - a lamp of fire
 J - a phantom mirror
Comestibles
 f - 19 bread rations
 k - 5 chunks of flesh
 I - 33 fruits


   Skills:
 - Level 18.5 Fighting
 + Level 22.7 Long Blades
 - Level 16.5 Armour
 - Level 5.2 Dodging
 - Level 15.0 Shields
 - Level 9.0 Invocations
 - Level 10.0 Evocations


You had 18 spell levels left.
You didn't know any spells.

Dungeon Overview and Level Annotations

Branches:
Dungeon (15/15)            Temple (0/1) D:5            Lair (8/8) D:9
 Shoals (4/4) Lair:3       Spider (4/4) Lair:3        Slime (0/6) Lair:6
    Orc (2/2) D:10            Elf (1/3) Orc:2        Vaults (0/5) D:13
 Depths (0/5) D:15

Altars:
Ashenzari
Elyvilon
Fedhas
Gozag
Kikubaaqudgha
Makhleb
Nemelex Xobeh
Okawaru
Pakellas
Qazlal
Ru
Sif Muna
Trog
Xom
Yredelemnul
Zin
The Shining One
Jiyva

Shops:
D:8 (   Orc:2 [*(:   Elf:1 %   Shoals:2 :

Annotations:
D:7 Prince Ribbit
D:13 Sonja


Innate Abilities, Weirdness & Mutations

You reflexively headbutt those who attack you in melee.
You have a pair of horns on your head.
You have large cloven feet.
You can translocate small distances at will.
Scrolls take you a little longer to read.
You are frail (-10% HP).
Your magical capacity is low (-10% MP).
You passively map the area around you.
You expend magic power (3 MP) to strengthen your wands.


Message History

You see here 2 javelins.
The merfolk javelineer throws a javelin.
The javelin hits you!
* * * LOW HITPOINT WARNING * * *
You hear a splash.
The frost giant casts a spell at you. The bolt of cold hits you!
You see here a javelin.
Drink which item? (? for menu, Esc to quit)
Okay, then.
Read which item? (? for menu, Esc to quit)
Really read with blurry vision while enemies are nearby?
Okay, then.
Okay, then.
You don't have enough health at the moment.
Okay, then.
Read which item? (? for menu, Esc to quit)
Really read with blurry vision while enemies are nearby?
You are engulfed in freezing vapours.
You die...

≈.....≈(≈≈.≈≈...≈##..≈#.###.(....
...[.≈≈≈≈≈≈.....≈#...≈...##(....)
.....)≈≈≈≈...)<.##..#.#.##≈()....
≈≈≈≈≈≈≈≈≈≈(..(..##.≈...≈≈##†.)...
≈≈≈≈≈≈≈≈≈≈.m....##≈.#.#..##.)m...
≈≈≈≈≈≈≈≈≈≈≈..(≈.##...≈...##......
≈≈≈≈≈≈≈≈≈≈≈.≈)≈.≈##.≈.≈..##....).
≈≈≈≈≈≈≈≈≈≈≈≈≈≈(...#######%....(..
≈≈≈≈≈≈≈≈≈≈≈≈(≈≈(@.#.####†.....≈≈≈
≈≈≈≈≈≈≈≈≈≈≈≈≈≈≈≈)(..C..(....≈≈≈≈≈
≈≈≈≈≈≈≈≈≈≈≈≈≈≈≈≈≈≈≈≈≈≈≈≈≈≈≈≈≈≈≈≈≈
≈≈≈≈≈≈≈≈≈≈≈≈≈≈≈≈≈≈≈≈≈≈≈≈≈≈≈≈≈≈≈≈≈
≈≈≈≈≈≈≈≈≈≈≈≈≈≈≈≈≈≈≈≈≈≈≈≈≈≈≈≈≈≈≈≈≈
≈≈≈≈≈≈≈≈≈≈≈≈≈≈≈≈≈≈≈≈≈≈≈≈≈≈≈≈≈≈≈≈≈
≈≈≈≈≈≈≈≈≈≈≈≈≈≈≈≈≈≈≈≈≈≈≈≈≈≈≈≈≈≈≈≈≈
≈≈≈≈≈≈≈≈≈≈≈≈≈≈≈≈≈≈≈≈≈≈≈≈≈≈≈≈≈≈≈≈≈
*********########################


You could see a frost giant and a merfolk javelineer.

Vanquished Creatures
  Rupert (D:15)
  Polyphemus (Shoals:3)
  Agnes (D:15)
  A shadow dragon (Shoals:4)
  Ilsuiw (Shoals:4)
  An orc warlord (Orc:1)
  A frost giant (Shoals:2)
  Louise (D:15)
  4 ghost moths
  8 emperor scorpions
  A stone giant (Shoals:2)
  Azrael (Spider:3)
  Nessos (D:15)
  A deep elf demonologist (Elf:1)
  6 dire elephants (Lair:8)
  5 merfolk javelineers
  A great orb of eyes (Shoals:4)
  A yaktaur captain (D:13)
  10 merfolk impalers
  The ghost of ReniFell the Blocker, a journeyman MiFi of Trog (D:12)
  An entropy weaver (Spider:1)
  Erolcha (D:7)
  5 hydras
  An anaconda (Lair:8)
  2 ogre magi (D:15)
  2 alligator snapping turtles (Shoals:1)
  6 dancing weapons (Elf:1)
  A catoblepas (Shoals:3)
  5 merfolk avatars
  3 merfolk aquamancers
  3 centaur warriors
  The ghost of George the Blocker, a novice FoFi of Okawaru (D:10)
  2 satyrs (Shoals:3)
  18 death yaks
  5 deep elf knights (Elf:1)
  5 orc high priests
  A fire crab (shapeshifter) (D:15)
  2 unseen horrors (D:13)
  The ghost of Zhenya25pyc the Basher, a novice GrFi of Makhleb (D:5)
  A flayed ghost (D:11)
  13 sea snakes
  A giant orange brain (D:15)
  3 deep elf archers (Elf:1)
  2 hill giants
  A wizard (D:14)
  19 harpies
  9 griffons
  18 orb spiders
  6 orc knights
  24 deep elf magi
  13 ugly things
  13 fauns
  33 wolf spiders
  12 cyclopes
  A wolf spider (shapeshifter) (D:15)
  2 shining eyes (Trove)
  The ghost of epen the Agent of Entropy, a novice DsAK of Lugonu (D:6)
  9 manticores
  3 orc sorcerers
  A hornet (shapeshifter) (D:15)
  4 hornets
  12 sirens
  2 slime creatures (D:15)
  12 elephants
  Maurice (D:7)
  3 moths of wrath
  2 guardian serpents (D:10)
  5 black mambas
  Psyche (D:9)
  A water nymph (Shoals:4)
  A gargoyle (D:11)
  A torpor snail (Shoals:4)
  14 spiny frogs
  7 komodo dragons
  3 rime drakes
  2 freezing wraiths
  6 yaktaurs
  5 ice devils (IceCv)
  12 demonic crawlers
  An efreet (D:14)
  A yaktaur (shapeshifter) (D:14)
  6 trolls
  31 jumping spiders
  A harpy zombie (Shoals:1)
  26 merfolk
  A wind drake (Shoals:4)
  A wind drake (shapeshifter) (D:15)
  2 polar bears
  3 two-headed ogres
  A raiju (Shoals:4)
  16 blink frogs
  2 boulder beetles
  8 snapping turtles
  9 water elementals
  A wraith (D:11)
  38 tarantellas
  70 redbacks
  A shadow (D:13)
  A hill giant zombie (D:10)
  2 vampires
  5 basilisks
  2 hungry ghosts
  2 wyverns
  6 fire elementals
  12 hippogriffs
  Grum (D:11)
  32 yaks
  4 mottled dragons
  Menkaure (D:4)
  7 vampire mosquitoes
  3 wargs
  A soldier ant (D:13)
  2 hell hounds
  Duvessa (D:5)
  8 porcupines
  17 water moccasins
  31 orc warriors
  3 sky beasts
  4 phantoms
  5 wasps
  2 black bears
  22 ogres
  16 ice beasts
  7 wolves
  16 centaurs
  18 crocodiles
  3 big kobolds (D:5)
  Blork the orc (D:5)
  3 elf zombies (Ossuary)
  21 giant frogs
  2 earth elementals (Elf:1)
  A wyvern zombie (D:9)
  A water moccasin zombie (D:11)
  Dowan (D:5)
  A wyvern skeleton (D:13)
  7 scorpions
  3 hippogriff zombies (Shoals:1)
  3 troll zombies (D:10)
  A water moccasin skeleton (D:9)
  23 killer bees
  13 wights
  5 howler monkeys
  7 centaur zombies
  2 electric eels
  A giant frog zombie (D:5)
  5 jellies
  A wasp zombie (D:6)
  7 crimson imps
  4 centaur skeletons
  3 hounds
  6 human zombies (Ossuary)
  17 orc priests
  23 orc wizards
  3 giant frog skeletons
  6 iguanas
  11 worker ants
  14 sheep
  4 ogre zombies (D:10)
  A hound zombie (D:5)
  A hound skeleton (D:5)
  3 mummies (Ossuary)
  A worker ant zombie (D:5)
  6 adders
  11 gnolls
  53 river rats
  2 shadow imps
  2 oozes (D:1)
  2 worms
  2 adder skeletons
  An adder zombie (D:9)
  3 dart slugs
  A giant gecko (D:5)
  83 orcs
  3 ball pythons
  A bat zombie (Shoals:1)
  3 giant cockroaches
  8 goblins
  23 hobgoblins
  7 jackals
  55 kobolds
  4 quokkas
  8 bats
  5 giant newts
  2 goblin zombies (D:10)
  6 hobgoblin zombies
  A jackal zombie (D:4)
  7 orc skeletons (D:10)
  11 orc zombies (D:10)
  10 rats
  A fungus (Elf:1)
  6 plants
1378 creatures vanquished.

Vanquished Creatures (collateral kills)
  5 elephants (Lair:8)
5 creatures vanquished.

Vanquished Creatures (others)
  An orange crystal statue (D:9)
  A redback (Spider:3)
  A tarantella (Spider:3)
  A butterfly (Lair:8)
  12 fungi
  43 plants
59 creatures vanquished.

Grand Total: 1442 creatures vanquished

Notes
Turn   | Place    | Note
--------------------------------------------------------------
     0 | D:1      | khekkus the Minotaur Fighter began the quest for the Orb.
     0 | D:1      | Reached XP level 1. HP: 19/19 MP: 0/0
    50 | D:1      | Reached skill level 3 in Long Blades
    87 | D:1      | Reached XP level 2. HP: 25/26 MP: 1/1
   260 | D:1      | Reached skill level 4 in Long Blades
   439 | D:1      | Reached XP level 3. HP: 16/33 MP: 2/2
   839 | D:2      | Reached XP level 4. HP: 31/40 MP: 3/3
   983 | D:2      | Upgraded the game from 0.18-a0-1774-gce1f7b6 to 0.18-a0-1784-ga939a68
  1358 | D:3      | Reached skill level 5 in Long Blades
  1420 | D:3      | Found a white marble altar of Elyvilon.
  1538 | D:3      | Reached XP level 5. HP: 40/46 MP: 4/4
  1723 | D:3      | Found a bloodstained altar of Trog.
  2004 | D:3      | Found a shattered altar of Ashenzari.
  2184 | D:4      | Reached skill level 6 in Long Blades
  2184 | D:4      | Reached skill level 5 in Shields
  2190 | D:4      | Found an opulent altar of Gozag.
  2193 | D:4      | Found a basalt altar of Yredelemnul.
  2471 | D:4      | Noticed an ogre
  2479 | D:4      | Killed an ogre
  2479 | D:4      | Reached XP level 6. HP: 37/52 MP: 5/5
  2754 | D:4      | Noticed Menkaure
  2759 | D:4      | Killed Menkaure
  2759 | D:4      | Reached skill level 7 in Long Blades
  2825 | D:5      | Entered Level 5 of the Dungeon
  2838 | D:5      | Noticed Duvessa
  2838 | D:5      | Noticed Dowan
  2858 | D:5      | Killed Duvessa
  2858 | D:5      | Reached skill level 8 in Long Blades
  2858 | D:5      | Reached XP level 7. HP: 39/59 MP: 6/6
  2864 | D:5      | Killed Dowan
  2878 | D:5      | Found an iron altar of Okawaru.
  2907 | D:5      | Became a worshipper of Warmaster Okawaru
  2919 | D:5      | Reached skill level 9 in Long Blades
  2979 | D:5      | Found a staircase to the Ecumenical Temple.
  2981 | D:5      | Noticed Zhenya25pyc's ghost (novice GrFi)
  3477 | D:5      | Reached XP level 8. HP: 66/66 MP: 7/7
  3486 | D:5      | Found a sand-covered staircase.
  3499 | Ossuary  | Entered an ossuary
  3634 | Ossuary  | Reached skill level 10 in Long Blades
  3641 | Ossuary  | Reached * piety under Okawaru
  3772 | D:5      | Reached skill level 11 in Long Blades
  3895 | D:5      | Killed Zhenya25pyc's ghost
  3895 | D:5      | Reached ** piety under Okawaru
  3895 | D:5      | Reached XP level 9. HP: 71/71 MP: 8/8
  4066 | D:5      | Reached skill level 12 in Long Blades
  4334 | D:5      | Noticed Blork the orc
  4339 | D:5      | Killed Blork the orc
  4938 | D:5      | Reached skill level 1 in Invocations
  4947 | D:5      | Reached *** piety under Okawaru
  4990 | D:6      | Noticed epen's ghost (novice DsAK)
  4999 | D:6      | Killed epen's ghost
  5027 | D:6      | Got a distressingly furry shield
  5038 | D:6      | Identified the -2 shield "Xyck" {MR+ Int+5} (You found it on level 6 of the Dungeon)
  5062 | D:6      | Reached skill level 1 in Dodging
  5104 | D:6      | Found a glowing silver altar of Zin.
  5792 | D:7      | Reached **** piety under Okawaru
  6006 | D:7      | Reached XP level 10. HP: 28/78 MP: 12/12
  6028 | D:7      | Reached skill level 5 in Dodging
  6360 | D:7      | Found a shimmering altar of Xom.
  6408 | D:7      | Found a glowing silver altar of Zin.
  6429 | D:7      | Found an ancient bone altar of Kikubaaqudgha.
  6621 | D:8      | Noticed Maurice
  6621 | D:8      | Noticed Prince Ribbit
  6686 | D:7      | Killed Maurice
  6686 | D:7      | Reached skill level 13 in Long Blades
  6782 | D:8      | Noticed Erolcha
  6787 | D:7      | Reached skill level 5 in Fighting
  6906 | D:7      | Killed Erolcha
  6906 | D:7      | Reached ***** piety under Okawaru
  7100 | D:8      | Found a stormy altar of Qazlal.
  7103 | D:8      | Found a blossoming altar of Fedhas.
  7297 | D:8      | Reached skill level 14 in Long Blades
  7425 | D:8      | Found Nippos's Antique Weapon Shop.
  7429 | D:8      | Bought a runed double sword for 435 gold pieces
  7793 | D:9      | Noticed Psyche
  7797 | D:9      | Noticed an elephant
  7804 | D:9      | Found a glowing golden altar of the Shining One.
  7840 | D:9      | Received a gift from Okawaru
  7972 | D:9      | Found a sacrificial altar of Ru.
  8049 | D:9      | Killed an elephant
  8049 | D:9      | Reached skill level 5 in Armour
  8049 | D:9      | Reached skill level 10 in Shields
  8049 | D:9      | Reached XP level 11. HP: 89/92 MP: 13/13
  8050 | D:9      | Found a staircase to the Lair.
  8185 | D:9      | Killed Psyche
  8279 | D:9      | You fall through a shaft for 2 floors!
  8286 | D:10     | Entered Level 10 of the Dungeon
  8450 | D:10     | Noticed George's ghost (novice FoFi)
  8479 | D:10     | Killed George's ghost
  8479 | D:10     | Reached skill level 15 in Long Blades
  8540 | D:9      | Found an oddly glowing altar of Pakellas.
  8540 | D:9      | Noticed an orange crystal statue
  8541 | D:9      | Noticed a six-headed hydra
  8547 | D:9      | Killed an orange crystal statue
  8593 | Lair:1   | Entered Level 1 of the Lair of Beasts
  9499 | Lair:2   | Reached skill level 16 in Long Blades
  9796 | Lair:2   | Received a gift from Okawaru
  9800 | Lair:2   | Got a brightly glowing long sword {god gift}
  9802 | Lair:2   | Identified the +3 long sword of True Grit {freeze, rPois MR- Dex+2} (Okawaru gifted it to you on level 2 of the Lair of Beasts)
  9859 | Lair:2   | Reached skill level 5 in Invocations
 10470 | Lair:3   | Found a staircase to the Shoals.
 10599 | Lair:3   | Found a hole to the Spider Nest.
 11037 | Lair:3   | Noticed an eight-headed hydra
 11045 | Lair:3   | Killed an eight-headed hydra
 11271 | Lair:4   | Reached XP level 12. HP: 69/103 MP: 16/16
 12094 | Lair:5   | Reached ****** piety under Okawaru
 12885 | Lair:6   | Found a labyrinth entrance.
 12885 | Lair:6   | Found a deep blue altar of Sif Muna.
 12887 | Lair:6   | Found a viscous altar of Jiyva.
 12887 | Lair:6   | Found a staircase to the Slime Pits.
 12953 | Lair:6   | Received a gift from Okawaru
 12953 | Lair:6   | Reached skill level 10 in Fighting
 13376 | Lair:7   | Noticed a death yak
 13376 | Lair:7   | Noticed a death yak
 13376 | Lair:7   | Noticed a death yak
 13378 | Lair:7   | Noticed a death yak
 13387 | Lair:6   | Killed a death yak
 13449 | Lair:6   | Killed a death yak
 13452 | Lair:6   | Killed a death yak
 13459 | Lair:6   | Killed a death yak
 13614 | Lair:7   | Found a blossoming altar of Fedhas.
 13667 | Lair:7   | Noticed an eight-headed hydra
 13678 | Lair:7   | Killed an eight-headed hydra
 13678 | Lair:7   | Reached XP level 13. HP: 98/114 MP: 17/17
 13780 | Lair:7   | Found a frozen archway.
 13816 | IceCv    | Entered an ice cave
 14758 | Lair:8   | Entered Level 8 of the Lair of Beasts
 14797 | Lair:8   | Gained mutation: You passively map a small area around you. [potion of beneficial mutation]
 14882 | Lair:7   | Received a gift from Okawaru
 14892 | Lair:7   | Reached skill level 15 in Shields
 14893 | Lair:7   | Got a fine hat {god gift}
 14899 | Lair:7   | Identified the +0 hat of the Duke {+Fly Dex+2} (Okawaru gifted it to you on level 7 of the Lair of Beasts)
 15020 | Lair:7   | Reached skill level 1 in Evocations
 15278 | Lair:8   | Reached skill level 5 in Evocations
 16045 | Lair:8   | Got a translucent great sword
 16046 | Lair:8   | Identified the +8 great sword "Tat Ymont" {flame, rElec MR+} (You found it on level 8 of the Lair of Beasts)
 16100 | Lair:8   | Noticed a dire elephant
 16116 | Lair:8   | Killed a dire elephant
 16116 | Lair:8   | Reached XP level 14. HP: 37/124 MP: 7/18
 16668 | Lair:8   | Received a gift from Okawaru
 16762 | Lair:8   | HP: 3/124 [dire elephant (17)]
 16789 | Lair:8   | Was placed under penance by Okawaru
 17083 | Lair:8   | Was forgiven by Okawaru
 17087 | Lair:8   | Reached skill level 10 in Armour
 17741 | D:10     | Reached skill level 17 in Long Blades
 17801 | D:10     | Found a staircase to the Orcish Mines.
 18523 | D:10     | Found a portal to a secret trove of treasure.
 18893 | Orc:1    | Entered Level 1 of the Orcish Mines
 18894 | Orc:1    | Upgraded the game from 0.18-a0-1784-ga939a68 to 0.18-a0-1788-g92de1ac
 18896 | Orc:1    | Found a burning altar of Makhleb.
 19273 | Orc:2    | Entered Level 2 of the Orcish Mines
 19324 | Orc:2    | Noticed an orc warlord
 19325 | Orc:2    | Found Mijaliesk's Antique Armour Emporium.
 19577 | Orc:1    | Killed an orc warlord
 20175 | Orc:2    | Found Hoekliv's Book Shoppe.
 20397 | Orc:1    | Received a gift from Okawaru
 20507 | Orc:2    | Found a staircase to the Elven Halls.
 20545 | Orc:2    | Found Gufif's General Store.
 20973 | Orc:2    | Found Goabbuem's Antique Weapon Emporium.
 21400 | Orc:1    | Reached skill level 18 in Long Blades
 21622 | Elf:1    | Entered Level 1 of the Elven Halls
 22064 | Elf:1    | Reached XP level 15. HP: 117/134 MP: 16/19
 22069 | Elf:1    | Received a gift from Okawaru
 22086 | Elf:1    | Gained mutation: Your magical capacity is low (-10% MP). [a neqoxec]
 22104 | Elf:1    | Got a distressingly furry cloak {god gift}
 22115 | Elf:1    | Found Keuz's Food Shoppe.
 23220 | D:11     | Noticed Grum
 23232 | D:11     | Killed Grum
 23353 | D:11     | Identified the +1 cloak of Xaraul {MP+9} (Okawaru gifted it to you on level 1 of the Elven Halls)
 23575 | D:11     | Found a runed door.
 23605 | D:11     | HP: 5/135 [griffon (5)]
 23623 | D:12     | Noticed ReniFell's ghost (journeyman MiFi)
 24189 | D:12     | Killed ReniFell's ghost
 24203 | D:12     | Received a gift from Okawaru
 24788 | D:13     | Received a gift from Okawaru
 24794 | D:13     | Got a polished long sword {god gift}
 24795 | D:13     | Identified the +9 long sword of Iniyku {speed, rF+ Str+2 Stlth+} (Okawaru gifted it to you on level 13 of the Dungeon)
 25100 | D:13     | Reached skill level 10 in Evocations
 25171 | D:13     | Found a gate to the Vaults.
 25381 | D:13     | Noticed Sonja
 25718 | D:14     | Found a sparkling altar of Nemelex Xobeh.
 26079 | D:14     | Received a gift from Okawaru
 26080 | D:14     | Got a shimmering triple sword {god gift}
 26081 | D:14     | Identified the +9 triple sword of the Crawling Thing {drain, *Noise +Fly rN+} (Okawaru gifted it to you on level 14 of the Dungeon)
 26224 | D:15     | Entered Level 15 of the Dungeon
 26237 | D:15     | Reached XP level 16. HP: 129/145 MP: 17/20
 26308 | D:15     | Noticed Nessos
 26309 | D:15     | Noticed Agnes
 26329 | D:15     | Killed Nessos
 26332 | D:15     | Killed Agnes
 26376 | D:15     | Noticed Louise
 26390 | D:15     | Killed Louise
 26867 | D:15     | Received a gift from Okawaru
 26868 | D:15     | Got a faintly humming shield {god gift}
 26875 | D:15     | Identified the +6 shield of the Special Dances {Str+2} (Okawaru gifted it to you on level 15 of the Dungeon)
 27272 | D:15     | Noticed Rupert
 27280 | D:15     | Killed Rupert
 27280 | D:15     | Reached skill level 19 in Long Blades
 27437 | D:15     | Found a staircase to the Depths.
 27964 | D:15     | Reached skill level 15 in Fighting
 28248 | Spider:1 | Entered Level 1 of the Spider Nest
 30557 | Spider:1 | Received a gift from Okawaru
 32610 | Spider:3 | Reached XP level 17. HP: 143/158 MP: 18/21
 32797 | Spider:2 | Received a gift from Okawaru
 33080 | Spider:3 | Noticed Azrael
 33148 | Spider:3 | Killed Azrael
 33476 | Spider:4 | Entered Level 4 of the Spider Nest
 33480 | Spider:4 | Reached skill level 20 in Long Blades
 34239 | Spider:4 | Gained mutation: You are clumsy. (Dex -2) [the power of Zot]
 34239 | Spider:4 | Gained mutation: Your magical capacity is very low (-20% MP). [the power of Zot]
 34575 | Spider:4 | Received a gift from Okawaru
 35182 | Spider:4 | Got a gossamer rune of Zot
 35513 | Spider:4 | Reached skill level 15 in Armour
 35918 | Shoals:1 | Entered Level 1 of the Shoals
 36543 | Shoals:1 | Reached XP level 18. HP: 162/170 MP: 19/19
 36683 | Shoals:1 | Reached skill level 21 in Long Blades
 37157 | Shoals:2 | Received a gift from Okawaru
 37586 | Shoals:2 | Found Zasmimau's Book Shop.
 38166 | Shoals:3 | HP: 3/172 [manticore (9)]
 38725 | Shoals:3 | Lost mutation: You are clumsy. (Dex -2) [potion of beneficial mutation]
 38859 | Shoals:3 | Noticed Polyphemus
 38874 | Shoals:3 | Killed Polyphemus
 38890 | Shoals:3 | Received a gift from Okawaru
 38902 | Shoals:3 | Got a translucent long sword {god gift}
 38907 | Shoals:3 | Identified the +5 long sword of Goageosk {drain, *Confuse rPois Str-3 Dex+8} (Okawaru gifted it to you on level 3 of the Shoals)
 39334 | Shoals:4 | Entered Level 4 of the Shoals
 39680 | D:8      | Bought the +0 Staff of Olgreb {rPois} for 2900 gold pieces
 39777 | D:10     | You paid a toll of the Staff of Olgreb to enter a treasure trove
 39778 | Trove    | Entered a treasure trove
 39783 | Trove    | Gained mutation: You have large cloven feet. [a shining eye]
 39795 | Trove    | Gained mutation: You expend magic power (3 MP) to strengthen your wands. [a shining eye]
 39797 | Trove    | Gained mutation: You are frail (-10% HP). [a shining eye]
 39798 | Trove    | Got a faintly glowing glass ring
 39798 | Trove    | Lost mutation: Your magical capacity is very low (-20% MP). [a shining eye]
 39801 | Trove    | Gained mutation: Scrolls take you a little longer to read. [a shining eye]
 39803 | Trove    | Gained mutation: You can translocate small distances at will. [a shining eye]
 39832 | Trove    | Gained mutation: You passively map the area around you. [potion of beneficial mutation]
 39958 | Lair:2   | Identified the ring "Datum" {*Confuse +Blink rPois rC+ Stlth+} (You found it in a treasure trove)
 40141 | Shoals:4 | Noticed Ilsuiw
 40457 | Shoals:4 | Reached skill level 22 in Long Blades
 40877 | Shoals:4 | Killed Ilsuiw
 40984 | Shoals:4 | Received a gift from Okawaru
 41092 | Shoals:4 | Reached XP level 19. HP: 51/162 MP: 7/22
 41117 | Shoals:4 | HP: 5/162 [merfolk javelineer/javelin (14)]
 41118 | Shoals:4 | Engulfed by a frost giant's freezing vapour

Vault maps used:
D:1:      tarquinn_simple_flora_water_e
D:2:      wad_pebble_path, first_bread
D:3:      old_standard_altar, nicolae_overflow_hidden_temple, elyvilon_altar_4,
          grunt_ministairs_3
D:4:      grunt_temple_overflow_open, uniq_menkaure
D:5:      minmay_goblin_kobold_castle, nicolae_overflow_crystal_walls,
          minmay_temple_entry_grid, enter_ossuary_3, uniq_blork_the_orc,
          uniq_duvessa
D:6:      zin_academy
D:7:      lemuel_crystal_altar, lemuel_round_altar, basic_altar
D:8:      grunt_temple_overflow_forces_of_nature, serial_shops, shop,
          uniq_maurice, uniq_prince_ribbit1, uniq_erolcha
D:9:      lemuel_round_altar, lemuel_coloured_pillars_altar, david_lair_generic,
          gammafunk_pakellas_statue_experiment, uniq_psyche
D:10:     nrook_guardian_serpent_snake_passage, zombieorc2_lemuel, enter_trove_6
D:11:     minmay_st_funbox, uniq_grum
D:12:     hangedman_fish_farm
D:13:     cheibrodos_orc_bank, david_vaults_2, uniq_sonja
D:14:     nemelex_deck
D:15:     gammafunk_enter_depths_forms, uniq_louise, uniq_agnes, uniq_nessos,
          uniq_rupert
Lair:1:   gammafunk_lair_bear_cave, lemuel_fruit_tree
Lair:2:   grunt_forest_small_clearing_treed
Lair:3:   minmay_shoals_entry_centaurs, spider_nest_entry_web_field,
          st_stairs_3, infiniplex_staircase_pool
Lair:5:   minmay_stone_trees_medium
Lair:6:   slime_altar_1, basic_altar, lab_entry_generic,
          infiniplex_staircase_pool_2, grunt_megastairs_5
Lair:7:   basic_altar, portal_ice_cave_entry_ice_beasts, lemuel_fruit_fields
Lair:8:   due_jungle_book, grunt_forest_large_clearings, grunt_megastairs_2,
          serial_bayou_shore_b
Shoals:1: nicolae_shoals_undead_eyrie
Shoals:2: serial_shops, shop, st_shoals_ruin
Shoals:3: uniq_polyphemus
Shoals:4: shoals_end_grunt_ice, shoal_ilsuiw
Spider:3: uniq_azrael
Spider:4: grunt_spider_rune_circles
Orc:1:    bloody_makhleb
Orc:2:    grunt_orc_gardens, grunt_orc_garden, grunt_orc_garden,
          grunt_orc_garden, grunt_orc_garden
Elf:1:    eino_elf_arrival_customs, serial_shops, shop,
          hangedman_elven_crosses_minicolossus
Trove:    trove_treasure_island
Ossuary:  ossuary_minmay_four_chambers
IceCv:    ice_cave_tombish

Skill      XL: |  1  2  3  4  5  6  7  8  9 10 11 12 13 14 15 16 17 18 |
---------------+-------------------------------------------------------+-----
Long Blades    | 3 4 5 6 8 9 11 12 14 16 18 19 20 22 | 22.7
Shields        | 4 5 6 7 8 9 10 12 15 | 15.0
Fighting       | 4 7 8 10 11 12 13 15 17 18 | 18.5
Invocations    | 4 7 9 |  9.0
Dodging        | 4 5 |  5.2
Armour         | 5 8 9 11 13 15 16 | 16.5
Evocations     | 5 10 | 10.0

Action                   |  1- 3 |  4- 6 |  7- 9 | 10-12 | 13-15 | 16-18 | 19-21 || total
-------------------------+-------+-------+-------+-------+-------+-------+-------++-------
Melee: Long sword        |    92 |   154 |   462 |   163 |       |   965 |       ||  1836
       Headbutt          |     9 |    26 |    95 |   196 |   334 |   554 |     1 ||  1215
       Double sword      |       |       |       |   726 |   354 |       |       ||  1080
       Great sword       |       |       |       |       |   877 |   556 |       ||  1433
       Triple sword      |       |       |       |       |       |   149 |     4 ||   153
       Kick              |       |       |       |       |       |    69 |     1 ||    70
Invok: Heroism           |       |       |     1 |     1 |     8 |    15 |       ||    25
       Finesse           |       |       |       |       |     1 |     7 |       ||     8
 Abil: Evoke Flight      |       |       |       |       |       |    34 |       ||    34
Evoke: Wand              |       |     4 |       |    22 |    15 |     2 |       ||    43
       Rod               |       |       |       |       |     5 |     5 |       ||    10
  Use: Scroll            |       |    13 |     8 |     7 |    14 |    12 |     1 ||    55
       Potion            |       |     2 |     4 |     4 |     6 |    14 |       ||    30
  Eat: Chunk             |       |     6 |     8 |    21 |    25 |    28 |       ||    88
       Meat ration       |       |       |     1 |       |     3 |     3 |       ||     7
       Beef jerky        |       |       |       |     1 |     2 |     1 |       ||     4
       Bread ration      |       |       |       |     1 |     1 |     2 |       ||     4
       Royal jelly       |       |       |       |       |       |     1 |       ||     1
       Fruit             |       |       |       |       |       |     3 |       ||     3
Armor: Scale mail        |    40 |    77 |   140 |     3 |       |       |       ||   260
       Plate armour      |       |       |       |   342 |   594 |  1094 |     8 ||  2038
       Chain mail        |       |       |       |    52 |       |       |       ||    52
Dodge: Dodged            |    23 |    41 |   106 |   209 |   444 |   775 |       ||  1598
Block: Shield            |    52 |    92 |   184 |   478 |   183 |   793 |       ||  1782
